 Dungeon Crawl Stone Soup version 0.27.1-34-g3ba077fa99 (webtiles) character file.

Game seed: 15466989757762982450

546 Delamore the Shield-Bearer (level 7, -2/52 HPs)
             Began as a Formicid Fighter on Jan 30, 2022.
             Slain by Menkaure (7 damage)
             ... on level 4 of the Dungeon.
             The game lasted 00:04:56 (4149 turns).

Delamore the Shield-Bearer (Formicid Fighter)       Turns: 4149, Time: 00:04:57

Health: -2/52      AC: 13    Str: 21 (22) XL:     7   Next: 53%
Magic:  7/7        EV:  9    Int:  5 (8)  God:
Gold:   175        SH: 10    Dex:  9 (10) Spells: 6/6 levels left

rFire    . . .     SeeInvis +   a - +0 trident
rCold    . . .     Faith    .   c - +0 kite shield
rNeg     . . .     Spirit   .   b - +0 scale mail
rPois    .         Reflect  .   (helmet unavailable)
rElec    .         Harm     .   (no cloak)
rCorr    .         Rampage  .   l - +2 pair of gloves
Will     .....                  i - +2 pair of boots
Stlth    ..........             (no amulet)
HPRegen  0.17/turn              (no ring)
MPRegen  0.10/turn              (no ring)

@: mighty, attractive, very slightly contaminated, invisible
A: permanent stasis, dig shafts and tunnels, antennae 3, four strong arms
a: Dig, Shaft Self


You were on level 4 of the Dungeon.
You visited 1 branch of the dungeon, and saw 4 of its levels.
You also visited: Sewer.

You collected 175 gold pieces.

Inventory:

Hand Weapons
 a - a +0 trident (weapon)
 h - a +2 dagger of speed
Missiles
 j - 30 poisoned darts
Armour
 b - a +0 scale mail (worn)
 c - a +0 kite shield (worn)
 i - a +2 pair of boots (worn)
 l - a +2 pair of gloves (worn)
Potions
 e - 2 potions of flight
 f - a potion of haste
 g - a potion of magic


   Skills:
 - Level 3.2 Fighting
 + Level 5.9 Polearms
 - Level 3.2 Armour
 - Level 7.0 Shields


You had 6 spell levels left.
You didn't know any spells.
Your spell library contained the following spells:

 Spells                   Type           Power      Damage    Failure   Level
 Call Canine Familiar     Summ           0%         N/A       100%        3
 Portal Projectile        Hex/Tloc       0%         N/A       100%        3
 Stone Arrow              Conj/Erth      0%         3d7       100%        3
 Animate Armour           Summ/Erth      0%         N/A       100%        4
 Leda's Liquefaction      Hex/Erth       0%         N/A       100%        4
 Lehudib's Crystal Spear  Conj/Erth      0%         10d2      100%        8


Dungeon Overview and Level Annotations

Branches:
Dungeon (4/15)              Sewer (visited)
 Temple: D:4-7

Altars:
Vehumet

Shops:
D:3 [

Annotations:
D:4 Menkaure


Innate Abilities, Weirdness & Mutations

You cannot be hasted, slowed, berserked, paralysed or teleported.
You can dig through walls and to a lower floor.
You have a pair of large antennae on your head. (SInv)
Your four strong arms can wield two-handed weapons with a shield.


Message History

You feel attractive to monsters. The hound closely misses you. x2
It was a potion of invisibility.
You fade into invisibility!
The hound barely misses you.
You are very lightly contaminated with residual magic.
Menkaure gestures wildly while chanting.
Menkaure seems to speed up.
You block the hound's attack. The hound barely misses you.
Menkaure calls on the powers of darkness!
The hound convulses!
Your body is wracked with pain!
* * * LOW HITPOINT WARNING * * *
Menkaure is pulled toward you!
Found a hunting sling.
The hound closely misses you. The ufetubus is pulled toward you!
It was a potion of degeneration.
There was something very wrong with that liquid.
You feel weakened.
You feel dopey.
You feel clumsy. The hound barely misses you. You block the hound's attack.
The hound bites you.
* * * LOW HITPOINT WARNING * * *
The ufetubus is pulled toward you! The ufetubus is pulled toward you!
You block the ufetubus's attack. The ufetubus closely misses you.
Menkaure is pulled toward you! The hound barely misses you.
Menkaure is pulled toward you! Menkaure closely misses you.
You block the hound's attack. You block Menkaure's attack.
The hound is pulled toward you! The ufetubus is pulled toward you!
Menkaure calls on the powers of darkness!
The hound convulses!
Your body is wracked with pain!
* * * LOW HITPOINT WARNING * * *
Menkaure is pulled toward you! The ufetubus is pulled toward you!
You feel very mighty all of a sudden. You block the hound's attack.
You block Menkaure's attack. The hound barely misses you.
The ufetubus is pulled toward you!
You hit the hound.
You kill the hound!
You block the ufetubus's attack. x2; Menkaure hits you!
You die...

.. # #.#### #. #....
###. #.#.# ...##.#.# ..#
..###......# .....
...........###+##....#..
#..@5..##...#....#..
###..†M..##...#.......
..#........##........#.#
..#........##........#..
............5.........#
.##...##.#.##..........#
...........###..........
...........######..###..
...........#............


You could see Menkaure (fast) and an ufetubus.

Vanquished Creatures
  A phantom (D:2)
  A scorpion (D:2)
  A howler monkey (D:4)
  3 hounds (D:4)
  A jelly (D:4)
  Jessica (D:2)
  A merfolk avatar (Sewer)
  2 merfolk sirens (Sewer)
  A gnoll (D:1)
  6 adders
  A river rat (Sewer)
  A worm (D:2)
  3 dart slugs
  5 orcs
  4 endoplasms
  3 giant cockroaches
  11 hobgoblins
  3 jackals (D:1)
  7 kobolds
  A quokka (Sewer)
  17 ball pythons
  3 bats
  8 frilled lizards
  4 goblins
  27 rats
116 creatures vanquished.

Notes
Turn   | Place    | Note
-------+----------+-------------------------------------------
     0 | D:1      | Delamore the Formicid Fighter began the quest for the Orb.
     0 | D:1      | Reached XP level 1. HP: 18/18 MP: 1/1
   344 | D:1      | Reached XP level 2. HP: 24/24 MP: 2/2
   351 | D:1      | Reached skill level 4 in Shields
   418 | D:1      | Reached XP level 3. HP: 27/29 MP: 3/3
  1110 | D:2      | Noticed a phantom
  1133 | D:2      | Killed a phantom
  1134 | D:2      | Reached skill level 5 in Shields
  1134 | D:2      | Reached XP level 4. HP: 11/35 MP: 4/4
  1134 | D:2      | Reached XP level 5. HP: 13/41 MP: 5/5
  1445 | D:2      | Noticed Jessica
  1483 | D:2      | Killed Jessica
  1814 | D:2      | Reached skill level 6 in Shields
  1814 | D:2      | Reached XP level 6. HP: 16/47 MP: 6/6
  2392 | D:2      | Found a faded altar of an unknown god.
  2503 | D:3      | Found Xoyvisch's Antique Armour Boutique.
  2700 | D:3      | Found a glowing drain.
  2705 | Sewer    | Entered a sewer
  2962 | Sewer    | Reached skill level 5 in Polearms
  3004 | Sewer    | Reached XP level 7. HP: 45/52 MP: 7/7
  3540 | D:3      | Found a radiant altar of Vehumet.
  4093 | D:4      | Reached skill level 7 in Shields
  4116 | D:4      | Noticed Menkaure
  4149 | D:4      | Slain by Menkaure

Illustrated notes

Levels and vault maps discovered:
D:1:      dpeg_arrival_rooms_with_view, layout_basic, grunt_decor_one_mirror,
          ebering_dispersal_statue_hall
D:2:      layout_loops_ring, shapermc_ecumenical_altar_mp_vishouse,
          minmay_vboxes, uniq_jessica
D:3:      layout_loops_ring, nicolae_overflow_hidden_temple,
          portal_sewer_entry_e, serial_shops, nicolae_lakefront_shop,
          grunt_ministairs_14
D:4:      layout_basic, led_xom_imps, uniq_menkaure

Skill      XL: |  1  2  3  4  5  6  7 |
---------------+----------------------+-----
Shields        | 4 5 6 7 |  7.0
Polearms       | 3 4 5 |  5.9
Fighting       | |  3.2
Armour         | |  3.2

Action                   |  1- 3 |  4- 6 |  7- 9 || total
-------------------------+-------+-------+-------++-------
Melee: Trident           |   107 |   259 |    65 ||   431
 Abil: Dig               |       |     1 |       ||     1
  Use: Scroll            |     1 |     6 |     1 ||     8
       Potion            |       |       |     6 ||     6
Armor: Scale mail        |    31 |    93 |    26 ||   150
Dodge: Dodged            |    33 |    58 |    30 ||   121
Block: Kite shield       |    42 |   111 |    37 ||   190
